 Dungeon Crawl Stone Soup version 0.20-a0-942-ga5226df (webtiles) character file.

273 M4edhros the Insei (level 6, -1/36 HPs)
             Began as an Octopode Necromancer on Apr 1, 2017.
             Slain by an ogre
             ... wielding a +0 giant club
              (19 damage)
             ... on level 4 of the Dungeon.
             The game lasted 00:04:28 (686 turns).

M4edhros the Insei (Octopode Necromancer)            Turns: 686, Time: 00:04:28

Health: -1/36      AC:  1    Str:  8    XL:     6   Next: 24%
Magic:  1/9        EV: 13    Int: 17    God:
Gold:   83         SH:  0    Dex: 14    Spells: 4/9 levels left

rFire    . . .     SeeInvis .     - Unarmed
rCold    . . .     Gourm    .   (no shield)
rNeg     . . .     Faith    .   (helmet restricted)
rPois    .         Spirit   .   (no amulet)
rElec    .         Reflect  .   (no ring)
rCorr    .         Harm     .   (no ring)
MR       .....                  (no ring)
Stlth    +++.......             (no ring)
Regen    0.2/turn               (no ring)
MPRegen  0.2/turn               (no ring)
                                (no ring)
                                (no ring)

@: very slightly contaminated
A: almost no armour, stealthy swim, amphibious, 8 rings, constrict 8, camouflage
1, gelatinous body 1
a: no special abilities


You were on level 4 of the Dungeon.
You were hungry.

You visited 1 branch of the dungeon, and saw 4 of its levels.

You collected 83 gold pieces.

Inventory:

Scrolls
 e - a scroll of amnesia {unknown}
 g - a scroll of magic mapping {unknown}
Potions
 h - a potion of haste
 i - 2 potions of lignification {unknown}
 j - a potion of ambrosia {unknown}
Books
 a - a book of Necromancy

   Spells                             Type                      Level
   a - Pain                           Necromancy                   1
   b - Animate Skeleton               Necromancy                   1
   c - Vampiric Draining              Necromancy                   3
   d - Regeneration                   Charms/Necromancy            3
   e - Animate Dead                   Necromancy                   4
   f - Control Undead                 Necromancy                   4
Comestibles
 b - a bread ration
 c - 6 fruits
 d - a chunk of flesh
 f - a royal jelly


   Skills:
 - Level 2.0 Dodging
 - Level 2.6 Stealth
 + Level 5.9 Unarmed Combat
 - Level 2.0 Spellcasting
 - Level 4.0 Necromancy


You had 4 spell levels left.
You knew the following spells:

 Your Spells              Type           Power        Failure   Level  Hunger
a - Pain                  Necr           ###.         3%          1    #......
b - Animate Skeleton      Necr           N/A          3%          1    #......
c - Regeneration          Chrm/Necr      #.........   24%         3    ###....


Dungeon Overview and Level Annotations

Branches:
Dungeon (4/15)
 Temple: D:4-7

Altars:

Annotations:
D:2 Terence


Innate Abilities, Weirdness & Mutations

You cannot wear most types of armour.
You are very stealthy in the water. (Stealth+)
You are amphibious.
You can wear up to eight rings at the same time.
You can use your tentacles to constrict eight enemies at once.
Your skin changes colour to match your surroundings (Stealth+).
Your rubbery body absorbs attacks. (AC +1, EV +1)


Message History

Aim: an ogre, wielding a giant club (lightly wounded, chance to defeat MR: 73%)
The ogre writhes in agony!
Casting: Pain
Confirm with . or Enter, or press ? or * to list all spells.
Aiming: Pain
Press: ? - help, Shift-Dir - straight line, f/p - ogre
Aim: an ogre, wielding a giant club (heavily wounded, chance to defeat MR: 73%)
You miscast Pain.
You are very lightly contaminated with residual magic.
Nothing appears to happen.
You tentacle-slap the ogre.
The ogre is heavily wounded.
The ogre hits you with a giant club!
You barely miss the ogre. You squeeze the ogre.
The ogre is severely wounded.
You tentacle-slap the ogre but do no damage.
The ogre is severely wounded.
The ogre hits you with a giant club!!
Ouch! That really hurt!
You die...

#.#......#.#######.#
#.##.........>.#...#
#.##.#####.###.#.#.#
###.##.#####.# #.#.#.#
.............# #.#.#.#
.......#####.###.#.#.#
...###.....#.......#.#
+#####.###.#.....###.##
.#.............O@..#..#
.#.###..#..#.......##.#
.#<..#..#..#.###......#
.#####.O#..#.# #...##.#
.# #..#..#.# #.#.##.##
.#####..#..#.#####.###.#
......>.......O..O.....#
##.####.##...#####.###.#
#.# #.##.### #.# #.#


You could see an ogre.

Vanquished Creatures
  An ogre (D:4)
  A scorpion (D:4)
  A howler monkey (D:4)
  2 worker ants (D:4)
  3 adders
  2 worms
  2 giant cockroaches
  A hobgoblin (D:3)
  2 quokkas
  A ball python (D:4)
  2 frilled lizards (D:3)
  A kobold (D:3)
  A rat (D:3)
20 creatures vanquished.

Vanquished Creatures (collateral kills)
  An adder (D:4)
1 creature vanquished.

Grand Total: 21 creatures vanquished

Notes
Turn   | Place    | Note
-------+----------+-------------------------------------------
     0 | D:1      | M4edhros the Octopode Necromancer began the quest for the Orb.
     0 | D:1      | Reached XP level 1. HP: 11/11 MP: 3/3
    20 | D:2      | Noticed Terence
    47 | D:3      | Learned a level 1 spell: Animate Skeleton
    79 | D:3      | Reached skill level 1 in Unarmed Combat
    90 | D:4      | Noticed an ogre
   119 | D:4      | Noticed a worker ant
   155 | D:4      | Noticed a howler monkey
   160 | D:4      | Killed a howler monkey
   160 | D:4      | Reached skill level 3 in Unarmed Combat
   160 | D:4      | Reached XP level 2. HP: 1/17 MP: 1/5
   160 | D:4      | Reached XP level 3. HP: 2/21 MP: 1/6
   165 | D:4      | Learned a level 3 spell: Regeneration
   234 | D:4      | Reached XP level 4. HP: 18/27 MP: 2/7
   248 | D:4      | Reached skill level 4 in Unarmed Combat
   287 | D:4      | Reached XP level 5. HP: 20/31 MP: 1/8
   343 | D:4      | Noticed a phantom
   584 | D:4      | Killed an ogre
   584 | D:4      | Reached skill level 5 in Unarmed Combat
   602 | D:4      | Reached XP level 6. HP: 14/36 MP: 6/9
   686 | D:4      | Slain by an ogre

Vault maps used:
D:1:      ncdulo_lavacross, minmay_pentomino_w4
D:2:      serial_corexii_hall, corexii_hall_statues_x, corexii_hall_statues_x,
          first_bread, uniq_terence
D:3:      nrook_loot_triangle, dk_noncrumbling_4
D:4:      guppyfry_early_lair_pool

Skill      XL: |  1  2  3  4  5 |
---------------+----------------+-----
Unarmed Combat | 3 4 5 |  5.9
Dodging        | |  2.0
Stealth        | |  2.6
Spellcasting   | |  2.0
Necromancy     | |  4.0

Action                   |  1- 3 |  4- 6 || total
-------------------------+-------+-------++-------
Melee: Unarmed           |    22 |    43 ||    65
       Tentacles         |     8 |     7 ||    15
       Constrict         |     7 |     9 ||    16
 Cast: Pain              |     6 |     8 ||    14
       Animate Skeleton  |     4 |     1 ||     5
       Regeneration      |     1 |     4 ||     5
  Use: Potion            |     1 |       ||     1
       Scroll            |     1 |       ||     1
 Stab: Sleeping          |     1 |     1 ||     2
Armor: Skin              |     1 |     4 ||     5
Dodge: Dodged            |    16 |    22 ||    38
